Pick #1

Connor Bedard
Pick #2

Leo Carlsson
Pick #3

Adam Fantilli
Pick #4

Matvei Michkov
Pick #5

David Reinbacher
Pick #6

William Smith
Pick #7

Zachary Benson
Pick #8

Ryan Leonard
Pick #9

Gabriel Perreault
Pick #10

Axel Sandin-Pellika
Pick #11

Daniil But
Pick #12

Dalibor Dvorsky
Pick #13

Quentin Musty
Pick #14

Brayden Yager
Pick #15

Dmitry Simashev
Pick #16

Colby Barlow
Pick #17

Andrew Cristall
Pick #18

Easton Cowan
Pick #19

Jacob Fowler
Pick #20

Oliver Moore
Pick #21

Oliver Bonk
Pick #22

Tom Willander
Pick #23

Calum Ritchie
Pick #24

Tanner Molendyk
Pick #25

Gavin Brindley
Pick #26

Nate Danielson
Pick #27

Pick #28

Pick #29

Pick #30

Pick #31

Pick #32

Pick #33

Pick #34

Pick #35

Pick #36

Pick #37

Pick #38

Pick #39

Pick #40

Pick #41

Pick #42

Pick #43

Pick #44

Pick #45

Pick #46

Pick #47

Pick #48

Pick #49

Pick #50

Pick #51

Pick #52

Pick #53

Pick #54

Pick #55

Pick #56

Pick #57

Pick #58

Pick #59

Pick #60

Pick #61

Pick #62

Pick #63

Pick #64

Pick #65

Pick #66

Pick #67

Pick #68

Pick #69

Pick #70

Pick #71

Pick #72

Pick #73

Pick #74

Pick #75

Pick #76

Pick #77

Pick #78

Pick #79

Pick #80

Pick #81

Pick #82

Pick #83

Pick #84

Pick #85

Pick #86

Pick #87

Pick #88

Pick #89

Pick #90

Pick #91

Pick #92

Pick #93

Pick #94

Pick #95

Pick #96

Pick #97

Pick #98

Pick #99

Pick #100

Pick #101

Pick #102

Pick #103

Pick #104

Pick #105

Pick #106

Pick #107

Pick #108

Pick #109

Pick #110

Pick #111

Pick #112

Pick #113

Pick #114

Pick #115

Pick #116

Pick #117

Pick #118

Pick #119

Pick #120

Pick #121

Pick #122

Pick #123

Pick #124

Pick #125

Pick #126

Pick #127

Pick #128

Pick #129

Pick #130

Full Scoreboard »»

Kings vs Blues

Created - November 8, 2023 at 21:22

Goals
1 2 3 T
Kings 1 0 0 1
Blues 1 1 2 4
Shots
1 2 3 T
Kings 10 13 7 30
Blues 9 5 10 24

GoalsPenalties
1st period
1. Blues , Clayton Keller 6 (Nico Hischier 10, Cale Makar 10) at 17:05
2. Kings , Jordan Staal 6 (Mattias Ekholm 11, Alex Ovechkin 11) at 19:25
Cale Makar (STL) for Slashing (Minor) at 19:06
Sidney Crosby (LOS) for Hooking (Minor) at 19:06
2nd period
3. Blues , Jack Eichel 8 (Cale Makar 11, Yanni Gourde 10) at 17:09
Carson Soucy (STL) for Holding (Minor) at 13:35
Andrew Mangiapane (STL) for Tripping (Minor) at 17:57
3rd period
4. Blues , Nico Hischier 2 (Kris Letang 6, Andrew Mangiapane 3) at 19:42 (Empty Net)
5. Blues , Curtis Lazar 2 (Evan Rodrigues 1, Carson Soucy 6) at 19:56
No Penalty
Goalie Stats
Ville Husso (LOS), 20 saves from 23 shots - (0.870), L, 8-3-1, 59:26 minutes
Carter Hart (STL), 29 saves from 30 shots - (0.967), W, 8-6-1, 60:00 minutes
3 StarsOfficial
1 - Nico Hischier (STL)
2 - Carter Hart (STL)
3 - Cale Makar (STL)
Referees : Kevin Pollock and Tim Peel
Linesman : Jaime Alary and Mark Shewchyk
Game Note
Nico Hischier has scored in a empty net!
Finance
Level 1 -- Attendance: 6098 (93.82%) -- Ticket Income $670,780
Level 2 -- Attendance: 5000 (100.00%) -- Ticket Income $375,000
Level 3 -- Attendance: 3422 (97.77%) -- Ticket Income $188,210
Level 4 -- Attendance: 1562 (100.00%) -- Ticket Income $60,918
Luxury Box -- Attendance: 1000 (100.00%) -- Ticket Income $199,000
Game was played at the Scottrade Center.
Total Attendance: 17082 (97.27%)
Total Ticket Income: $1,493,908
Other Income: $373,477
Total Income: $1,867,385



Team Name Goals Shots Shots Attemp Shots Blocked PIM HIT PP PK FO%
Kings 1305542250 / 2 (0%)050%
Blues 4244266240 / 0 (0.00%050%

Kings
Player Name POS G A P +/- PIM HIT SHT SB MP PP MP PP SHT PK MP PK SHT FO% FOT
Alex OvechkinLW011-1014018:301:4610:00033% 3
Brandon SaadLW000-1003013:010:0000:0000% 0
Conor ShearyLW000000008:471:3000:000100% 1
David SavardD0000011015:230:0000:0000% 0
Evander KaneLW000-2043023:262:1220:00060% 5
James van RiemsdykLW000-1010113:010:0000:0000% 0
Jonas BrodinD0000031126:522:2810:0000% 0
Jordan StaalC1010024013:200:0000:00025% 16
Logan CoutureC000-1013021:122:1200:00050% 2
Mark GiordanoD000-3030016:150:0000:0000% 0
Matt DucheneC000-1001021:122:1200:00054% 24
Mattias EkholmD0110014026:522:2820:0000% 0
Nic DowdC000001007:170:0000:00043% 7
Rasmus RistolainenD0000040115:230:0000:0000% 0
Ryan SuterD000-3010017:451:3000:0000% 0
Sidney CrosbyC000-2205016:301:4610:00070% 20
Tyler MotteC000002107:170:0000:0000% 0
Vladimir TarasenkoRW000-1000115:571:4600:0000% 2
Blues
Player Name POS G A P +/- PIM HIT SHT SB MP PP MP PP SHT PK MP PK SHT FO% FOT
Andrew MangiapaneLW0110202013:570:0000:53025% 4
Anthony DeAngeloD0000010015:360:0000:0000% 0
Auston MatthewsC0002053019:230:0000:00050% 22
Cale MakarD0223220121:560:0002:0100% 0
Carson SoucyD0111250115:160:0000:0000% 0
Clayton KellerRW1011004018:420:0000:0000% 1
Craig SmithC0001000016:330:0000:0000% 0
Curtis LazarC101101207:280:0000:00071% 7
Derek RyanC000-1002214:250:0002:01039% 18
Devon ToewsD0000030021:010:0001:5700% 0
Evan RodriguesC011100007:280:0000:000100% 1
Filip HronekD0000010122:270:0001:5700% 0
Jack EichelC1011006018:440:0001:57044% 18
Kris LetangD0112040123:420:0002:0100% 0
Miles WoodLW0000021011:130:0000:340100% 1
Nico HischierC1122002019:230:0000:0000% 0
Sheldon DriesC000100007:280:0000:0000% 0
Yanni GourdeC0111002019:180:0002:31075% 8



Play-by-Play

1st period


0:01 of 1st period - Logan Couture wins face-off versus Auston Matthews in neutral zone.
0:26 of 1st period - Jonas Brodin is hit by Auston Matthews and loses puck.
0:55 of 1st period - Sidney Crosby is hit by Auston Matthews and loses puck.
1:06 of 1st period - Shot by Sidney Crosby.
1:06 of 1st period - Shot Hit the Post.
1:32 of 1st period - Shot by Yanni Gourde.
1:32 of 1st period - Shot Misses the Net.
1:56 of 1st period - Icing by Devon Toews.
1:57 of 1st period - Jack Eichel wins face-off versus Jordan Staal in Blues zone.
2:20 of 1st period - Shot by Derek Ryan.
2:20 of 1st period - Stopped by Ville Husso without a rebound.
2:21 of 1st period - Nic Dowd wins face-off versus Curtis Lazar in Kings zone.
2:41 of 1st period - Nic Dowd is hit by Kris Letang and loses puck.
2:46 of 1st period - Shot by Mattias Ekholm.
2:46 of 1st period - Stopped by Carter Hart without a rebound.
2:47 of 1st period - Matt Duchene wins face-off versus Andrew Mangiapane in Blues zone.
2:55 of 1st period - Icing by Carson Soucy.
2:56 of 1st period - Derek Ryan wins face-off versus Matt Duchene in Blues zone.
3:39 of 1st period - Shot by Derek Ryan.
3:39 of 1st period - Deflect By Andrew Mangiapane.
3:39 of 1st period - Stopped by Ville Husso with a rebound.
4:08 of 1st period - Icing by Cale Makar.
4:09 of 1st period - Sidney Crosby wins face-off versus Auston Matthews in Blues zone.
4:10 of 1st period - Shot by Alex Ovechkin.
4:10 of 1st period - Shot Misses the Net.
4:34 of 1st period - Shot by Sidney Crosby.
4:34 of 1st period - Stopped by Carter Hart without a rebound.
4:35 of 1st period - Jordan Staal wins face-off versus Jack Eichel in Blues zone.
4:35 of 1st period - Jordan Staal is hit by Devon Toews.
4:54 of 1st period - Shot by Brandon Saad.
4:54 of 1st period - Stopped by Carter Hart without a rebound.
4:55 of 1st period - Curtis Lazar wins face-off versus Nic Dowd in Blues zone.
5:07 of 1st period - Conor Sheary is hit by Carson Soucy and loses puck.
5:49 of 1st period - Sheldon Dries is hit by Mark Giordano and loses puck.
6:01 of 1st period - Shot by Evander Kane.
6:01 of 1st period - Shot Misses the Net.
6:55 of 1st period - Shot by Auston Matthews.
6:55 of 1st period - Stopped by Ville Husso without a rebound.
6:56 of 1st period - Jack Eichel wins face-off versus Jordan Staal in Kings zone.
8:25 of 1st period - Icing by Alex Ovechkin.
8:26 of 1st period - Derek Ryan wins face-off versus Sidney Crosby in Kings zone.
9:15 of 1st period - Andrew Mangiapane is hit by Evander Kane and loses puck.
9:39 of 1st period - Shot by Evander Kane.
9:39 of 1st period - Stopped by Carter Hart without a rebound.
9:40 of 1st period - Jordan Staal wins face-off versus Auston Matthews in Blues zone.
9:47 of 1st period - Shot by Jordan Staal.
9:47 of 1st period - Shot Misses the Net.
9:49 of 1st period - Shot by Brandon Saad.
9:49 of 1st period - Shot Misses the Net.
9:51 of 1st period - Shot by David Savard.
9:51 of 1st period - Stopped by Carter Hart without a rebound.
9:52 of 1st period - Nic Dowd wins face-off versus Jack Eichel in Blues zone.
10:12 of 1st period - Shot by Jack Eichel.
10:12 of 1st period - Shot Misses the Net.
10:14 of 1st period - Shot by Kris Letang.
10:14 of 1st period - Shot Misses the Net.
10:16 of 1st period - Shot by Yanni Gourde.
10:16 of 1st period - Shot Blocked by Rasmus Ristolainen.
10:18 of 1st period - Shot by Yanni Gourde.
10:18 of 1st period - Stopped by Ville Husso without a rebound.
10:19 of 1st period - Matt Duchene wins face-off versus Auston Matthews in Kings zone.
10:54 of 1st period - Shot by Auston Matthews.
10:54 of 1st period - Stopped by Ville Husso without a rebound.
10:55 of 1st period - Sidney Crosby wins face-off versus Jack Eichel in Kings zone.
11:13 of 1st period - Shot by Jack Eichel.
11:13 of 1st period - Stopped by Ville Husso without a rebound.
11:14 of 1st period - Derek Ryan wins face-off versus Jordan Staal in Kings zone.
11:14 of 1st period - Derek Ryan is hit by David Savard.
11:25 of 1st period - Icing by Rasmus Ristolainen.
11:26 of 1st period - Auston Matthews wins face-off versus Jordan Staal in Kings zone.
11:26 of 1st period - Cale Makar is hit by Rasmus Ristolainen and loses puck.
11:35 of 1st period - Shot by Brandon Saad.
11:35 of 1st period - Shot Misses the Net.
11:39 of 1st period - Shot by Brandon Saad.
11:39 of 1st period - Stopped by Carter Hart with a rebound.
11:41 of 1st period - Shot by Jordan Staal.
11:41 of 1st period - Stopped by Carter Hart without a rebound.
11:42 of 1st period - Yanni Gourde wins face-off versus Evander Kane in Blues zone.
11:52 of 1st period - Icing by Mattias Ekholm.
11:53 of 1st period - Matt Duchene wins face-off versus Auston Matthews in Kings zone.
13:30 of 1st period - Icing by Ryan Suter.
13:31 of 1st period - Miles Wood wins face-off versus Vladimir Tarasenko in Kings zone.
13:33 of 1st period - Andrew Mangiapane is hit by Ryan Suter and loses puck.
13:52 of 1st period - Shot by Vladimir Tarasenko.
13:52 of 1st period - Shot Misses the Net.
13:54 of 1st period - Shot by Sidney Crosby.
13:54 of 1st period - Stopped by Carter Hart without a rebound.
13:55 of 1st period - Curtis Lazar wins face-off versus Jordan Staal in Blues zone.
14:46 of 1st period - Icing by Rasmus Ristolainen.
14:47 of 1st period - Auston Matthews wins face-off versus Jordan Staal in Kings zone.
14:48 of 1st period - Shot by Clayton Keller.
14:48 of 1st period - Stopped by Ville Husso without a rebound.
14:49 of 1st period - Auston Matthews wins face-off versus Sidney Crosby in Kings zone.
15:41 of 1st period - Icing by Jonas Brodin.
15:42 of 1st period - Sidney Crosby wins face-off versus Jack Eichel in Kings zone.
16:16 of 1st period - Shot by Jack Eichel.
16:16 of 1st period - Stopped by Ville Husso without a rebound.
16:17 of 1st period - Conor Sheary wins face-off versus Derek Ryan in Kings zone.
16:34 of 1st period - Nic Dowd is hit by Carson Soucy and loses puck.
16:37 of 1st period - Shot by Tyler Motte.
16:37 of 1st period - Stopped by Carter Hart without a rebound.
16:38 of 1st period - Auston Matthews wins face-off versus Matt Duchene in Blues zone.
17:05 of 1st period - Shot by Clayton Keller.
17:05 of 1st period - Goal by Clayton Keller - Kings : 0 - Blues : 1.
17:06 of 1st period - Jordan Staal wins face-off versus Jack Eichel in neutral zone.
18:04 of 1st period - Icing by Yanni Gourde.
18:05 of 1st period - Matt Duchene wins face-off versus Jack Eichel in Blues zone.
18:06 of 1st period - Shot by Logan Couture.
18:06 of 1st period - Shot Misses the Net.
18:08 of 1st period - Shot by Evander Kane.
18:08 of 1st period - Deflect By Matt Duchene.
18:08 of 1st period - Shot Blocked by Filip Hronek.
19:00 of 1st period - Shot by Auston Matthews.
19:00 of 1st period - Shot Hit the Post.
19:06 of 1st period - Minor Penalty to Cale Makar for Slashing.
19:06 of 1st period - Minor Penalty to Sidney Crosby for Hooking.
19:07 of 1st period - Jordan Staal wins face-off versus Andrew Mangiapane in Blues zone.
19:25 of 1st period - Shot by Jordan Staal.
19:25 of 1st period - Goal by Jordan Staal - Kings : 1 - Blues : 1.
19:26 of 1st period - Evander Kane wins face-off versus Andrew Mangiapane in neutral zone.
Goals for this period are 1 for Kings vs 1 for Blues.
Shots for this period are 10 for Kings vs 9 for Blues.

2nd period


0:01 of 2nd period - Andrew Mangiapane wins face-off versus Alex Ovechkin in neutral zone.
1:53 of 2nd period - Clayton Keller is hit by Tyler Motte and loses puck.
2:16 of 2nd period - Shot by Jordan Staal.
2:16 of 2nd period - Stopped by Carter Hart without a rebound.
2:17 of 2nd period - Matt Duchene wins face-off versus Jack Eichel in Blues zone.
2:23 of 2nd period - Matt Duchene is hit by Devon Toews and loses puck.
2:51 of 2nd period - Shot by Logan Couture.
2:51 of 2nd period - Shot Misses the Net.
2:53 of 2nd period - Shot by Logan Couture.
2:53 of 2nd period - Stopped by Carter Hart with a rebound.
2:55 of 2nd period - Shot by Evander Kane.
2:55 of 2nd period - Shot Misses the Net.
3:47 of 2nd period - Andrew Mangiapane is hit by James van Riemsdyk.
4:10 of 2nd period - Icing by Brandon Saad.
4:11 of 2nd period - Auston Matthews wins face-off versus Jordan Staal in Kings zone.
4:20 of 2nd period - Shot by Clayton Keller.
4:20 of 2nd period - Shot Misses the Net.
4:26 of 2nd period - Shot by Clayton Keller.
4:26 of 2nd period - Shot Misses the Net.
4:29 of 2nd period - Icing by Jonas Brodin.
4:30 of 2nd period - Curtis Lazar wins face-off versus Jordan Staal in Kings zone.
4:42 of 2nd period - Icing by Curtis Lazar.
4:43 of 2nd period - Evander Kane wins face-off versus Curtis Lazar in Blues zone.
4:43 of 2nd period - Logan Couture is hit by Kris Letang and loses puck.
4:46 of 2nd period - Shot by Logan Couture.
4:46 of 2nd period - Shot Misses the Net.
5:20 of 2nd period - Shot by Matt Duchene.
5:20 of 2nd period - Shot Blocked by Cale Makar.
5:50 of 2nd period - Shot by Sidney Crosby.
5:50 of 2nd period - Stopped by Carter Hart with a rebound.
6:00 of 2nd period - Shot by Sidney Crosby.
6:00 of 2nd period - Shot Misses the Net.
6:08 of 2nd period - Shot by Sidney Crosby.
6:08 of 2nd period - Stopped by Carter Hart without a rebound.
6:09 of 2nd period - Nic Dowd wins face-off versus Auston Matthews in Blues zone.
6:46 of 2nd period - Shot by Clayton Keller.
6:46 of 2nd period - Shot Misses the Net.
6:52 of 2nd period - Shot by Nico Hischier.
6:52 of 2nd period - Shot Misses the Net.
7:26 of 2nd period - Shot by Miles Wood.
7:26 of 2nd period - Stopped by Ville Husso without a rebound.
7:27 of 2nd period - Matt Duchene wins face-off versus Jack Eichel in Kings zone.
7:38 of 2nd period - Matt Duchene is hit by Carson Soucy and loses puck.
7:45 of 2nd period - Shot by Matt Duchene.
7:45 of 2nd period - Shot Misses the Net.
8:34 of 2nd period - Filip Hronek is hit by Rasmus Ristolainen and loses puck.
8:55 of 2nd period - Shot by Alex Ovechkin.
8:55 of 2nd period - Stopped by Carter Hart without a rebound.
8:56 of 2nd period - Auston Matthews wins face-off versus Jordan Staal in Blues zone.
8:56 of 2nd period - Auston Matthews is hit by Jordan Staal.
9:55 of 2nd period - Shot by Jack Eichel.
9:55 of 2nd period - Deflect By Yanni Gourde.
9:55 of 2nd period - Stopped by Ville Husso without a rebound.
9:56 of 2nd period - Sidney Crosby wins face-off versus Derek Ryan in Kings zone.
10:14 of 2nd period - Derek Ryan is hit by Jonas Brodin and loses puck.
10:36 of 2nd period - Devon Toews is hit by Mattias Ekholm and loses puck.
10:42 of 2nd period - Off-side.
10:43 of 2nd period - Jack Eichel wins face-off versus Evander Kane in neutral zone.
10:43 of 2nd period - Yanni Gourde is hit by Evander Kane and loses puck.
11:04 of 2nd period - Mark Giordano is hit by Cale Makar and loses puck.
11:38 of 2nd period - Anthony DeAngelo is hit by Evander Kane and loses puck.
12:00 of 2nd period - Shot by Nico Hischier.
12:00 of 2nd period - Shot Hit the Post.
12:16 of 2nd period - Shot by Nico Hischier.
12:16 of 2nd period - Stopped by Ville Husso without a rebound.
12:17 of 2nd period - Sidney Crosby wins face-off versus Derek Ryan in Kings zone.
12:46 of 2nd period - Shot by Andrew Mangiapane.
12:46 of 2nd period - Shot Blocked by Vladimir Tarasenko.
13:23 of 2nd period - Off-side.
13:24 of 2nd period - Matt Duchene wins face-off versus Auston Matthews in neutral zone.
13:26 of 2nd period - Logan Couture is hit by Carson Soucy and loses puck.
13:30 of 2nd period - Icing by Anthony DeAngelo.
13:31 of 2nd period - Matt Duchene wins face-off versus Auston Matthews in Blues zone.
13:31 of 2nd period - Matt Duchene is hit by Carson Soucy.
13:35 of 2nd period - Shot by Logan Couture.
13:35 of 2nd period - Stopped by Carter Hart without a rebound.
13:35 of 2nd period - Minor Penalty to Carson Soucy for Holding.
13:36 of 2nd period - Evander Kane wins face-off versus Yanni Gourde in Blues zone.
13:49 of 2nd period - Shot by Evander Kane.
13:49 of 2nd period - Stopped by Carter Hart without a rebound.
13:50 of 2nd period - Sidney Crosby wins face-off versus Derek Ryan in Blues zone.
13:51 of 2nd period - Shot by Mattias Ekholm.
13:51 of 2nd period - Stopped by Carter Hart without a rebound.
13:52 of 2nd period - Sidney Crosby wins face-off versus Derek Ryan in Blues zone.
13:57 of 2nd period - Shot by Mattias Ekholm.
13:57 of 2nd period - Shot Blocked by Derek Ryan.
13:59 of 2nd period - Shot by Mattias Ekholm.
13:59 of 2nd period - Shot Misses the Net.
14:01 of 2nd period - Shot by Mattias Ekholm.
14:01 of 2nd period - Shot Misses the Net.
14:03 of 2nd period - Shot by Jonas Brodin.
14:03 of 2nd period - Shot Blocked by Derek Ryan.
14:05 of 2nd period - Shot by Sidney Crosby.
14:05 of 2nd period - Deflect By Alex Ovechkin.
14:05 of 2nd period - Stopped by Carter Hart without a rebound.
14:06 of 2nd period - Yanni Gourde wins face-off versus Matt Duchene in Blues zone.
15:04 of 2nd period - Filip Hronek is hit by Alex Ovechkin and loses puck.
16:42 of 2nd period - Anthony DeAngelo is hit by Evander Kane and loses puck.
16:50 of 2nd period - Clayton Keller is hit by Logan Couture.
16:57 of 2nd period - Icing by Logan Couture.
16:58 of 2nd period - Yanni Gourde wins face-off versus Matt Duchene in Kings zone.
17:01 of 2nd period - Shot by Jack Eichel.
17:01 of 2nd period - Stopped by Ville Husso without a rebound.
17:02 of 2nd period - Jack Eichel wins face-off versus Sidney Crosby in Kings zone.
17:09 of 2nd period - Shot by Jack Eichel.
17:09 of 2nd period - Goal by Jack Eichel - Kings : 1 - Blues : 2.
17:10 of 2nd period - Jack Eichel wins face-off versus Matt Duchene in neutral zone.
17:22 of 2nd period - Icing by Jonas Brodin.
17:23 of 2nd period - Matt Duchene wins face-off versus Derek Ryan in Kings zone.
17:23 of 2nd period - Matt Duchene is hit by Miles Wood.
17:34 of 2nd period - Icing by Filip Hronek.
17:35 of 2nd period - Sidney Crosby wins face-off versus Derek Ryan in Blues zone.
17:57 of 2nd period - Minor Penalty to Andrew Mangiapane for Tripping.
17:58 of 2nd period - Matt Duchene wins face-off versus Yanni Gourde in Blues zone.
18:34 of 2nd period - Shot by Jonas Brodin.
18:34 of 2nd period - Deflect By Evander Kane.
18:34 of 2nd period - Stopped by Carter Hart without a rebound.
18:35 of 2nd period - Sidney Crosby wins face-off versus Jack Eichel in Blues zone.
18:35 of 2nd period - Ryan Suter is hit by Cale Makar and loses puck.
18:45 of 2nd period - Off-side.
18:46 of 2nd period - Sidney Crosby wins face-off versus Derek Ryan in neutral zone.
19:17 of 2nd period - Shot by Sidney Crosby.
19:17 of 2nd period - Stopped by Carter Hart without a rebound.
19:18 of 2nd period - Derek Ryan wins face-off versus Logan Couture in Blues zone.
19:26 of 2nd period - Off-side.
19:27 of 2nd period - Yanni Gourde wins face-off versus Matt Duchene in neutral zone.
19:45 of 2nd period - Logan Couture is hit by Kris Letang.
19:47 of 2nd period - Shot by Jonas Brodin.
19:47 of 2nd period - Stopped by Carter Hart with a rebound.
19:49 of 2nd period - Shot by Mattias Ekholm.
19:49 of 2nd period - Stopped by Carter Hart without a rebound.
19:50 of 2nd period - Sidney Crosby wins face-off versus Derek Ryan in Blues zone.
Goals for this period are 0 for Kings vs 1 for Blues.
Shots for this period are 13 for Kings vs 5 for Blues.

3rd period


0:01 of 3rd period - Matt Duchene wins face-off versus Clayton Keller in neutral zone.
0:06 of 3rd period - Shot by Logan Couture.
0:06 of 3rd period - Stopped by Carter Hart with a rebound.
0:11 of 3rd period - Off-side.
0:12 of 3rd period - Jack Eichel wins face-off versus Vladimir Tarasenko in neutral zone.
0:23 of 3rd period - Shot by Jack Eichel.
0:23 of 3rd period - Shot Misses the Net.
0:29 of 3rd period - Shot by Jack Eichel.
0:29 of 3rd period - Stopped by Ville Husso without a rebound.
0:30 of 3rd period - Auston Matthews wins face-off versus Matt Duchene in Kings zone.
0:53 of 3rd period - Shot by Logan Couture.
0:53 of 3rd period - Shot Misses the Net.
1:36 of 3rd period - Shot by Alex Ovechkin.
1:36 of 3rd period - Shot Misses the Net.
2:14 of 3rd period - Icing by Kris Letang.
2:15 of 3rd period - Yanni Gourde wins face-off versus Nic Dowd in Blues zone.
2:17 of 3rd period - Kris Letang is hit by Tyler Motte and loses puck.
2:34 of 3rd period - Cale Makar is hit by Nic Dowd and loses puck.
2:38 of 3rd period - Cale Makar is hit by Rasmus Ristolainen and loses puck.
3:20 of 3rd period - Andrew Mangiapane is hit by Rasmus Ristolainen and loses puck.
3:25 of 3rd period - Shot by Miles Wood.
3:25 of 3rd period - Shot Misses the Net.
3:47 of 3rd period - Rasmus Ristolainen is hit by Auston Matthews.
3:51 of 3rd period - Shot by Auston Matthews.
3:51 of 3rd period - Shot Misses the Net.
4:57 of 3rd period - Logan Couture is hit by Curtis Lazar and loses puck.
5:14 of 3rd period - Icing by Matt Duchene.
5:15 of 3rd period - Matt Duchene wins face-off versus Jack Eichel in Kings zone.
6:13 of 3rd period - Icing by Filip Hronek.
6:14 of 3rd period - Sidney Crosby wins face-off versus Auston Matthews in Blues zone.
6:14 of 3rd period - Sidney Crosby is hit by Filip Hronek.
7:13 of 3rd period - Filip Hronek is hit by Jonas Brodin and loses puck.
7:17 of 3rd period - Icing by Jonas Brodin.
7:18 of 3rd period - Yanni Gourde wins face-off versus Jordan Staal in Kings zone.
7:18 of 3rd period - Kris Letang is hit by Jonas Brodin and loses puck.
7:52 of 3rd period - Mattias Ekholm is hit by Kris Letang and loses puck.
8:03 of 3rd period - Shot by Jack Eichel.
8:03 of 3rd period - Shot Blocked by James van Riemsdyk.
8:33 of 3rd period - Shot by Derek Ryan.
8:33 of 3rd period - Stopped by Ville Husso without a rebound.
8:34 of 3rd period - Evan Rodrigues wins face-off versus Sidney Crosby in Kings zone.
9:11 of 3rd period - Shot by Alex Ovechkin.
9:11 of 3rd period - Shot Misses the Net.
9:35 of 3rd period - Shot by Cale Makar.
9:35 of 3rd period - Shot Misses the Net.
9:50 of 3rd period - Clayton Keller is hit by Mark Giordano.
10:03 of 3rd period - Icing by Ryan Suter.
10:04 of 3rd period - Jack Eichel wins face-off versus Matt Duchene in Kings zone.
11:10 of 3rd period - Shot by Brandon Saad.
11:10 of 3rd period - Shot Blocked by Carson Soucy.
11:32 of 3rd period - Shot by Alex Ovechkin.
11:32 of 3rd period - Shot Misses the Net.
11:34 of 3rd period - Shot by Alex Ovechkin.
11:34 of 3rd period - Stopped by Carter Hart without a rebound.
11:35 of 3rd period - Auston Matthews wins face-off versus Nic Dowd in Blues zone.
11:52 of 3rd period - Shot by Clayton Keller.
11:52 of 3rd period - Stopped by Ville Husso without a rebound.
11:53 of 3rd period - Matt Duchene wins face-off versus Derek Ryan in Kings zone.
11:53 of 3rd period - Logan Couture is hit by Miles Wood and loses puck.
12:04 of 3rd period - Shot by Evander Kane.
12:04 of 3rd period - Deflect By Matt Duchene.
12:04 of 3rd period - Stopped by Carter Hart with a rebound.
12:31 of 3rd period - Off-side.
12:32 of 3rd period - Alex Ovechkin wins face-off versus Auston Matthews in neutral zone.
12:34 of 3rd period - Sidney Crosby is hit by Auston Matthews and loses puck.
13:17 of 3rd period - Shot by Clayton Keller.
13:17 of 3rd period - Stopped by Ville Husso without a rebound.
13:18 of 3rd period - Curtis Lazar wins face-off versus Matt Duchene in Kings zone.
13:18 of 3rd period - Curtis Lazar is hit by Mark Giordano.
14:44 of 3rd period - James van Riemsdyk is hit by Anthony DeAngelo and loses puck.
14:47 of 3rd period - Shot by Jordan Staal.
14:47 of 3rd period - Stopped by Carter Hart with a rebound.
14:49 of 3rd period - Shot by Brandon Saad.
14:49 of 3rd period - Stopped by Carter Hart without a rebound.
14:50 of 3rd period - Auston Matthews wins face-off versus Sidney Crosby in Blues zone.
15:17 of 3rd period - Icing by Cale Makar.
15:18 of 3rd period - Auston Matthews wins face-off versus Jordan Staal in Blues zone.
16:08 of 3rd period - Mattias Ekholm is hit by Devon Toews and loses puck.
16:46 of 3rd period - Shot by Jack Eichel.
16:46 of 3rd period - Stopped by Ville Husso without a rebound.
16:47 of 3rd period - Derek Ryan wins face-off versus Matt Duchene in Kings zone.
17:28 of 3rd period - Icing by Anthony DeAngelo.
17:29 of 3rd period - Sidney Crosby wins face-off versus Derek Ryan in Blues zone.
17:35 of 3rd period - Icing by Andrew Mangiapane.
17:36 of 3rd period - Derek Ryan wins face-off versus Alex Ovechkin in Blues zone.
17:41 of 3rd period - Shot by Andrew Mangiapane.
17:41 of 3rd period - Stopped by Ville Husso without a rebound.
17:42 of 3rd period - Auston Matthews wins face-off versus Sidney Crosby in Kings zone.
17:59 of 3rd period - Shot by Auston Matthews.
17:59 of 3rd period - Stopped by Ville Husso without a rebound.
18:00 of 3rd period - Jack Eichel wins face-off versus Matt Duchene in Kings zone.
19:06 of 3rd period - Sidney Crosby is hit by Auston Matthews.
19:08 of 3rd period - Kings, Ville Husso is pulled from the net.
19:08 of 3rd period - Shot by Alex Ovechkin.
19:08 of 3rd period - Stopped by Carter Hart without a rebound.
19:09 of 3rd period - Sidney Crosby wins face-off versus Auston Matthews in Blues zone.
19:10 of 3rd period - Shot by Mattias Ekholm.
19:10 of 3rd period - Shot Blocked by Kris Letang.
19:20 of 3rd period - Shot by Mattias Ekholm.
19:20 of 3rd period - Stopped by Carter Hart with a rebound.
19:38 of 3rd period - Shot by Andrew Mangiapane.
19:38 of 3rd period - Shot Blocked by Jonas Brodin.
19:40 of 3rd period - Shot by Kris Letang.
19:40 of 3rd period - Shot Misses the Net.
19:42 of 3rd period - Shot by Nico Hischier.
19:42 of 3rd period - Goal by Nico Hischier - Kings : 1 - Blues : 3.
19:42 of 3rd period - Ville Husso from Kings was sent back in the game.
19:43 of 3rd period - Curtis Lazar wins face-off versus Jordan Staal in neutral zone.
19:43 of 3rd period - Anthony DeAngelo is hit by Jordan Staal and loses puck.
19:54 of 3rd period - Shot by Curtis Lazar.
19:54 of 3rd period - Stopped by Ville Husso with a rebound.
19:56 of 3rd period - Shot by Curtis Lazar.
19:56 of 3rd period - Goal by Curtis Lazar - Kings : 1 - Blues : 4.
19:57 of 3rd period - Derek Ryan wins face-off versus Nic Dowd in neutral zone.
Goals for this period are 0 for Kings vs 2 for Blues.
Shots for this period are 7 for Kings vs 10 for Blues.